 Dungeon Crawl Stone Soup version 0.32-a0-975-g85d4e5bfdb (webtiles) character file.

Game seed: 7516305407411078273

9984 Chadd the Fighter (level 11, -10/87 HPs)
             Began as a Coglin Hunter on Apr 19, 2024.
             Was a High Priest of Okawaru.
             Mangled by a death yak simulacrum (14 damage)
             ... in an ice cave.
             The game lasted 00:48:57 (16906 turns).

Chadd the Fighter (Coglin Hunter)                  Turns: 16906, Time: 00:48:57

Health: -10/87     AC:  5    Str: 11    XL:     11   Next: 55%
Magic:  11/11      EV: 15    Int: 10    God:    Okawaru [*****.]
Gold:   203        SH:  0    Dex: 18    Spells: 10/10 levels left

rFire   + . .        a - +2 sling {José}
rCold   + . .        d - +0 sling {Oskar}
rNeg    + + .        D - +1 leather armour "Xuupuva" {Slay+3}
rPois   .            o - +0 hat
rElec   .            w - scarf "Wymygioj" {rC+ rF+, rN++ Dex-3}
rCorr   .            (no gloves)
SInv    .            A - +0 pair of boots
Will    .....        (amulet unavailable)
Stlth   ++++         (ring unavailable)
HPRegen 0.34/turn    (ring unavailable)
MPRegen 0.12/turn    (no gizmo)

%: no passive effects
@: revved
A: off-hand wielding, slow wielding, warmup strikes, no jewellery
a: Invent Gizmo, Renounce Religion, Heroism, Finesse, Duel


You were in an ice cave.
You worshipped Okawaru.
Okawaru was extremely pleased with you.
You visited 4 branches of the dungeon, and saw 12 of its levels.
You also visited: Ice Cave.

You collected 285 gold pieces.
You spent 82 gold pieces at shops.

Inventory:

Hand Weapons
 a - a +2 sling (weapon) {José}
 d - a +0 sling (offhand) {Oskar}
Missiles
 h - a curare-tipped dart
 m - 12 boomerangs
Armour
 c - a +0 leather armour
 e - a +0 ring mail
 n - a +0 cloak
 o - a +0 hat (worn)
 w - the scarf "Wymygioj" (worn) {rC+ rF+, rN++ Dex-3}
   (You found it on level 5 of the Dungeon)

   Dex-3:     It affects your dexterity (-3).
   rN++:      It greatly protects you from negative energy.
 x - +0 steam dragon scales
 A - a +0 pair of boots (worn)
 D - the +1 leather armour "Xuupuva" (worn) {Slay+3}
   (You took it off a wight on level 8 of the Dungeon)

   Slay+3:    It affects your accuracy & damage with ranged weapons and melee
   (+3).
 M - a +1 scale mail of cold resistance
Wands
 l - a wand of digging (5)
 E - a wand of flame (13) (quivered)
 L - a wand of quicksilver (5)
Scrolls
 b - 3 scrolls of enchant weapon {unknown}
 f - a scroll of acquirement {unknown}
 k - 2 scrolls of amnesia
 s - 2 scrolls of noise {unknown}
 t - a scroll of immolation {unknown}
 y - a scroll of vulnerability {unknown}
 F - a scroll of brand weapon {unknown}
 J - a scroll of identify
 K - a scroll of blinking
Potions
 g - a potion of berserk rage {unknown}
 i - 3 potions of enlightenment {unknown}
 j - 3 potions of brilliance {unknown}
 p - a potion of lignification {unknown}
 q - 2 potions of curing
 r - 2 potions of degeneration
 u - a potion of invisibility {unknown}
 v - 2 potions of haste {unknown}
 z - a potion of attraction {unknown}
 B - a potion of heal wounds
 C - a potion of magic {unknown}
 I - a potion of ambrosia {unknown}


   Skills:
 + Level 8.9 Fighting
 + Level 8.8 Ranged Weapons
 * Level 4.5 Armour
 + Level 8.0 Dodging
 + Level 7.8 Stealth


You had 10 spell levels left.
You didn't know any spells.
Your spell library contained the following spells:

 Spells                   Type           Power      Damage    Failure   Level
 Blink                    Tloc           0%         N/A       58%         2
 Lesser Beckoning         Tloc           0%         N/A       58%         2
 Momentum Strike          Conj/Tloc      0%         3d8       58%         2
 Inner Flame              Hex/Fire       0%         N/A       82%         3
 Volatile Blastmotes      Fire/Tloc      0%         2d10      82%         3
 Brom's Barrelling Bould  Conj/Erth      0%         2d3       99%         4
 Fulminant Prism          Conj/Alch      0%         3d5       99%         4
 Iskenderun's Mystic Bla Conj/Tloc 0%             2d3        (+2d1     99%         4
 Fireball                 Conj/Fire      0%         3d3       100%        5
 Irradiate                Conj/Alch      0%         3d11      100%        5
 Iskenderun's Battlesphe  Conj           0%         2d6       100%        5
 Bombard                  Conj/Erth      0%         9d1       100%        6
 Conjure Ball Lightning   Conj/Air       0%         3x3d6     100%        6
 Orb of Destruction       Conj           0%         9d5       100%        7
 Ignition                 Fire           0%         3d3       100%        8
 Seismic Cannonade        Alch/Erth      Unusable   6d4       N/A         7

Dungeon Overview and Level Annotations

Branches:
Dungeon (9/15)             Temple (1/1) D:4            Lair (1/5) D:9
    Orc (1/2) D:9           IceCv (1/1)

Altars:
Ashenzari
Cheibriados
Dithmenos
Elyvilon
Fedhas
Gozag
Hepliaklqana
Kikubaaqudgha
Makhleb
Nemelex Xobeh
Okawaru
Qazlal
Ru
Sif Muna
Trog
Uskayaw
Vehumet
Wu Jian
Xom
Yredelemnul
Zin
The Shining One

Shops:
D:5 :   D:8 **

Annotations:
D:7 Jeremiah, Maurice


Innate Abilities, Weirdness & Mutations

You can wield a second weapon in your off-hand.
It takes a long time for you to wield or remove held weapons.
Your first few attacks do less damage.
You cannot equip rings or amulets.


Message History

The sling bullet hits the white ugly thing.
The white ugly thing is almost dead.
The white ugly thing barely misses you.
The death yak simulacrum barely misses you.
Fire: a) +2 sling {José}
Press: ? - help, Q - select action, (/) - cycle Shift-Dir - straight line, f/p - white ugly thing
Aim: a white ugly thing (almost dead, poisoned, slow, 71% to hit)
You shoot a sling bullet.
The sling bullet hits the white ugly thing but does no damage.
The white ugly thing is almost dead.
You shoot a sling bullet.
The sling bullet hits the white ugly thing!
The white ugly thing is almost dead.
The white ugly thing is no longer moving slowly.
The death yak simulacrum gores you but does no damage.
The white ugly thing claws you. The white ugly thing freezes you! You resist.
* * * LOW HITPOINT WARNING * * *
The white ugly thing looks more healthy.
Fire: a) +2 sling {José}
Press: ? - help, Q - select action, (/) - cycle Shift-Dir - straight line, f/p - white ugly thing
Aim: a white ugly thing (almost dead, 71% to hit)
You shoot a sling bullet.
The sling bullet hits the white ugly thing.
You kill the white ugly thing!
Okawaru is honoured by your kill.
You shoot a sling bullet.
Fire: a) +2 sling {José}
Press: ? - help, Q - select action, (/) - cycle Shift-Dir - straight line, f - death yak simulacrum
Aim: a death yak simulacrum (98% to hit)
Okay, then.
Aiming: Throw Flame
Press: ? - help, Q - select action, (/) - cycle Shift-Dir - straight line, f - death yak simulacrum
Aim: a death yak simulacrum (100% to hit)
The puff of flame hits the death yak simulacrum.
The death yak simulacrum melts!
The death yak simulacrum is lightly damaged.
The death yak simulacrum gores you!!
* * * LOW HITPOINT WARNING * * *
The death yak simulacrum freezes you! You resist.
You die...

####.####
#().((..#
#.......#
#....(..#
#.......#
#.......#
##.....##
##.Z.##
##@##
##...##
##.....##
#...∩...#
#.......#
#.......#
#...∩...#
#.......#
#########


You could see a death yak simulacrum.

Vanquished Creatures
  A two-headed ogre (D:6)
  An ugly thing (IceCv)
  An efreet (D:8)
  A komodo dragon (D:8)
  A troll (D:8)
  Prince Ribbit (D:9)
  A slime creature (D:9)
  3 wyverns
  Grum (D:9)
  6 yaks
  A wraith (D:9)
  2 steam dragons
  3 acid dragons
  3 water moccasins
  Duvessa (D:4)
  5 orc warriors
  2 ogres
  3 sky beasts
  4 wolves
  6 centaurs
  3 phantoms
  3 kobold brigands
  9 bullfrogs
  A gnoll sergeant (D:9)
  2 scorpions
  11 wights
  Dowan (D:4)
  An elephant simulacrum (IceCv)
  4 killer bees
  5 howler monkeys
  A bombardier beetle (D:6)
  4 hounds
  A quasit (D:6)
  2 jellies
  2 gnoll boudas
  6 orc priests
  3 sleepcaps
  6 orc wizards
  6 iguanas
  2 polar bear simulacra (IceCv)
  11 gnolls
  9 adders
  4 shadow imps
  15 white imps
  4 ufetubi
  A dart slug (D:4)
  5 ribbon worms
  22 orcs
  4 bats
  7 endoplasms
  8 giant cockroaches
  6 goblins
  7 hobgoblins
  11 jackals
  16 kobolds
  2 quokkas
  6 ball pythons
  4 frilled lizards
  2 rats
264 creatures vanquished.

Vanquished Creatures (others)
  A jelly (D:8)
  An orc wizard (D:6)
2 creatures vanquished.

Grand Total: 266 creatures vanquished

Notes
Turn   | Place    | Note
-------+----------+-------------------------------------------
     0 | D:1      | Chadd the Coglin Hunter began the quest for the Orb.
     0 | D:1      | Reached XP level 1. HP: 16/16 MP: 1/1
    83 | D:1      | Reached skill level 1 in Stealth
   132 | D:1      | Reached XP level 2. HP: 22/22 MP: 2/2
   644 | D:1      | Reached XP level 3. HP: 28/28 MP: 3/3
   800 | D:2      | Found a faded altar of an unknown god.
   979 | D:2      | Reached XP level 4. HP: 34/34 MP: 4/4
  1281 | D:3      | Found an ancient bone altar of Kikubaaqudgha.
  1628 | D:3      | Reached XP level 5. HP: 40/40 MP: 5/5
  1889 | D:3      | Found a shadowy altar of Dithmenos.
  1920 | D:4      | Found a staircase to the Ecumenical Temple.
  1959 | Temple   | Entered the Ecumenical Temple
  1972 | Temple   | Became a worshipper of Warmaster Okawaru
  2401 | D:4      | Reached XP level 6. HP: 47/47 MP: 6/6
  2658 | D:4      | Noticed Dowan
  2660 | D:4      | Noticed Duvessa
  3403 | D:4      | Killed Dowan
  3513 | D:4      | Killed Duvessa
  3514 | D:4      | Reached XP level 7. HP: 9/53 MP: 7/7
  4343 | D:4      | Found a glowing silver altar of Zin.
  4597 | D:5      | Entered Level 5 of the Dungeon
  4707 | D:5      | Reached * piety under Okawaru
  4708 | D:5      | Reached skill level 5 in Ranged Weapons
  5049 | D:5      | Identified the scarf "Wymygioj" {rC+ rF+, rN++ Dex-3}
  5091 | D:5      | Found Laujul's Book Shoppe.
  5109 | D:5      | Found a broken altar of Ashenzari.
  5109 | D:5      | Found a glowing golden altar of the Shining One.
  5237 | D:5      | Noticed a steam dragon
  5927 | D:5      | Found an ornate altar of the Wu Jian Council.
  5989 | D:5      | Reached XP level 8. HP: 61/61 MP: 8/8
  6210 | D:5      | Reached skill level 5 in Fighting
  6473 | D:6      | Noticed a two-headed ogre
  6484 | D:6      | Killed a two-headed ogre
  6484 | D:6      | Reached ** piety under Okawaru
  6485 | D:6      | Reached skill level 5 in Dodging
  6485 | D:6      | Reached skill level 5 in Stealth
  6485 | D:6      | Reached XP level 9. HP: 23/69 MP: 9/9
  6842 | D:6      | Found a blossoming altar of Fedhas.
  7536 | D:6      | Reached *** piety under Okawaru
  9029 | D:7      | Noticed Maurice
  9033 | D:7      | Maurice stole 11 boomerangs
  9035 | D:7      | Maurice stole 133 gold
  9044 | D:7      | Something stole 207 gold
  9045 | D:7      | Something stole 22 gold
  9323 | D:7      | Noticed Jeremiah
  9462 | D:7      | Reached XP level 10. HP: 63/79 MP: 10/10
  9547 | D:7      | Found a basalt altar of Yredelemnul.
 10119 | D:7      | HP: 3/68 [wight/+0 dire flail (1)]
 10992 | D:8      | Reached **** piety under Okawaru
 11787 | D:8      | Identified the +1 leather armour "Xuupuva" {Slay+3}
 12376 | D:8      | Found Cohaek's General Store.
 12380 | D:8      | Found Beniy's Specific Store.
 12385 | D:8      | Bought a scroll of blinking for 82 gold pieces
 12901 | D:9      | Noticed Prince Ribbit
 13293 | D:9      | Found a staircase to the Lair.
 13402 | D:8      | Reached skill level 1 in Armour
 13995 | D:8      | Reached ***** piety under Okawaru
 14674 | D:9      | Reached XP level 11. HP: 86/87 MP: 11/11
 14819 | D:9      | Noticed a manticore
 14819 | D:9      | Noticed a boulder beetle
 15383 | D:9      | Noticed Grum
 15915 | D:9      | Killed Grum
 16040 | D:9      | Received a gift from Okawaru
 16151 | D:9      | Killed Prince Ribbit
 16434 | D:9      | Found a staircase to the Orcish Mines.
 16444 | Orc:1    | Entered Level 1 of the Orcish Mines
 16444 | Orc:1    | Noticed an orc sorcerer
 16658 | Lair:1   | Entered Level 1 of the Lair of Beasts
 16732 | Lair:1   | Found a frozen archway.
 16817 | IceCv    | Entered an ice cave
 16884 | IceCv    | Noticed a white ugly thing
 16905 | IceCv    | Killed a white ugly thing
 16906 | IceCv    | HP: 4/87 [death yak simulacrum (22)]
 16906 | IceCv    | Mangled by a death yak simulacrum

Illustrated notes

Levels and vault maps discovered:
D:1:      grunt_arrival_crossed_arrows, layout_loops_corners
D:2:      layout_rooms, chequers_ecumenical_altar_simple_redux,
          minmay_misc_feat_nine_boxes
D:3:      layout_basic, marbit_many_paths, mainiacjoe_overflow_alcove_4
D:4:      kennysheep_spiral_hall, layout_cave_pods,
          mainiacjoe_overflow_cross_hatched, minmay_temple_entry_gardened_gates,
          uniq_duvessa
D:5:      layout_loops_ring, kennysheep_little_box, jmf_multi_god_temple,
          serial_shops, shop_statue
D:6:      layout_loops_ring, fedhas_altar_1, serial_demonic, serial_demonic_f,
          serial_demonic_c, serial_demonic_a, serial_demonic_f,
          serial_demonic_g, chequers_serial_rivers_room_a, minmay_hedge_maze,
          minmay_increasing_density
D:7:      layout_loops_ring, mainiacjoe_overflow_alcove_2, minivault_23,
          uniq_maurice, uniq_jeremiah
D:8:      minmay_opposing_rooms, layout_basic, serial_co_window_serial,
          co_window_paths_a, co_window_corner_a, co_window_corner_a,
          co_window_paths_a, co_window_paths_a, co_window_corner_a,
          co_window_corner_a, co_window_paths_b, co_window_paths_a,
          co_window_2corner, co_window_corner_cb, co_window_broadway_c,
          co_window_2corner, co_window_corner_b, glass_columns_a,
          glass_columns_b, glass_columns_a, glass_columns_a,
          minmay_misc_feat_columns, nicolae_specific_store
D:9:      minmay_the_grid_4x2 [minmay_the_grid_expand,
          minmay_the_grid_zigzag_pyramid, minmay_the_grid_gridbox,
          minmay_the_grid_eight, minmay_the_grid_outer_diamond,
          minmay_the_grid_pillar_ring, minmay_the_grid_garden,
          minmay_the_grid_prize_inner_circle], layout_long_grid, orc_0_dummy,
          kennysheep_windowed_goal, uniq_grum, uniq_prince_ribbit1
Temple:   zaba_magenta_temple
Lair:1:   gammafunk_lair_enchanted_lake, layout_chaotic_city,
          portal_ice_cave_entry_imps
Orc:1:    layout_caves
IceCv:    ice_cave_statue_garden_chambered

Skill      XL: |  1  2  3  4  5  6  7  8  9 10 11 |
---------------+----------------------------------+-----
Stealth        | 1 2 3 5 6 7 |  7.8
Dodging        | 2 3 4 5 6 7 8 |  8.0
Ranged Weapons | 4 5 6 7 8 |  8.8
Fighting       | 3 4 5 7 8 |  8.9
Armour         | 2 4 |  4.5

Action                     |  1- 3 |  4- 6 |  7- 9 | 10-12 || total
---------------------------+-------+-------+-------+-------++-------
   Fire: Sling             |   124 |   356 |   768 |  1052 ||  2300
  Throw: Dart              |       |       |       |     3 ||     3
         Throwing net      |       |       |       |     1 ||     1
         Javelin           |       |       |       |     3 ||     3
 Invoke: Heroism           |       |       |     3 |     3 ||     6
         Finesse           |       |       |       |     1 ||     1
  Evoke: Wand              |       |       |       |     1 ||     1
    Use: Scroll            |       |     6 |     7 |     5 ||    18
         Potion            |       |     1 |     7 |     2 ||    10
 Armour: Leather armour    |     2 |    46 |    54 |   124 ||   226
         Steam dragon scal |       |       |   111 |    78 ||   189
  Dodge: Dodged            |     5 |    56 |   134 |   277 ||   472

Table legend: (Time is in decaauts)
 A = Elapsed time spent in this place.
 B = Non-inter-level travel time spent in this place.
 C = Inter-level travel time spent in this place.
 D = Time resting spent in this place.
 E = Time spent auto-exploring this place.
 F = Levels seen in this place.
 G = Mean time per level.
                   A        B        C        D        E       F      G
               +--------+--------+--------+--------+--------+-----+--------+
         Total |  17059 |  13461 |   3598 |   4924 |   5600 |  13 | 1312.2 |
       Dungeon |  16733 |  13202 |   3531 |   4836 |   5600 |   9 | 1859.2 |
        Temple |     77 |     51 |     26 |     37 |      0 |   1 |   77.0 |
          Lair |    158 |    117 |     41 |     51 |      0 |   1 |  158.0 |
  Orcish Mines |      1 |      1 |      0 |      0 |      0 |   1 |    1.0 |
      Ice Cave |     88 |     88 |      0 |      0 |      0 |   1 |   88.0 |
               +--------+--------+--------+--------+--------+-----+--------+

Top non-repeatable levels by time:
     D:8: 4071 daAuts
     D:4: 2631 daAuts
     D:6: 2101 daAuts
     D:9: 1965 daAuts
     D:7: 1899 daAuts
     D:5: 1546 daAuts
     D:3: 1177 daAuts
     D:1: 807 daAuts
     D:2: 532 daAuts
  Lair:1: 158 daAuts
   IceCv: 88 daAuts
  Temple: 77 daAuts
   Orc:1: 1 daAuts
